 Dungeon Crawl Stone Soup version 0.31-a0-232-gb1c03b2570 (webtiles) character file.

Game seed: 6423688483641266226

349 qw the Shooter (level 6, -1/52 HPs)
             Began as a Minotaur Hexslinger on July 7, 2023.
             Killed by nerve-wracking pain
             ... invoked by Menkaure
              (14 damage)
             ... on level 4 of the Dungeon.
             The game lasted 00:01:16 (2471 turns).

qw the Shooter (Minotaur Hexslinger)                Turns: 2471, Time: 00:01:17

Health: -1/52      AC: 13    Str: 13    XL:     6   Next: 33%
Magic:  6/6        EV: 11    Int: 10    God:
Gold:   125        SH:  0    Dex: 14    Spells: 6/7 levels left

rFire   . . .        Y - +2 sling
rCold   . . .        (no shield)
rNeg    . . .        c - +2 ring mail {rPois}
rPois   +            (helmet restricted)
rElec   .            d - +0 cloak
rCorr   .            (no gloves)
SInv    +            j - +0 pair of boots
Will    +....        (no amulet)
Stlth   +            k - ring "Keargh" {Will+ AC+4}
HPRegen 0.28/turn    h - ring of see invisible
MPRegen 0.10/turn

%: no passive effects
@: no status effects
A: horns 2, retaliatory headbutt
a: no special abilities


You were on level 4 of the Dungeon.
You visited 1 branch of the dungeon, and saw 4 of its levels.

You collected 125 gold pieces.


Innate Abilities, Weirdness & Mutations

You have a pair of horns on your head.
You reflexively headbutt those who attack you in melee.


   Skills:
 - Level 4.1 Fighting
 + Level 6.2 Ranged Weapons
 - Level 1.2 Armour
 - Level 2.1 Dodging
 - Level 1.0 Spellcasting
 - Level 2.0 Hexes


You had 6 spell levels left.
You knew the following spells:

 Your Spells              Type           Power      Damage    Failure   Level
a - Slow                  Hex            16%        N/A       32%         1

Your spell library contained the following spells:

 Spells                   Type           Power      Damage    Failure   Level
 Inner Flame              Hex/Fire       2%         N/A       82%         3
 Portal Projectile        Hex/Tloc       4%         N/A       82%         3
 Cause Fear               Hex            2%         N/A       97%         4

Inventory:

Hand Weapons
 Y - a +2 sling (weapon)
Armour
 c - a +2 ring mail of poison resistance (worn)
 d - a +0 cloak (worn)
 j - a +0 pair of boots (worn)
Jewellery
 b - a ring of protection from fire
 h - a ring of see invisible (right hand)
 k - the ring "Keargh" (left hand) {Will+ AC+4}
   (You found it on level 2 of the Dungeon)

   [ring of protection]

   AC:        It affects your AC (+4).
   Will:      It increases your willpower.
Scrolls
 g - a scroll of identify
Potions
 a - a potion of cancellation
 e - 2 potions of heal wounds {unknown}
 i - a potion of brilliance {unknown}
 m - a potion of curing {unknown}

Dungeon Overview and Level Annotations

Branches:
Dungeon (4/15)
 Temple: D:4-7

Altars:

Annotations:
D:3 1 runed translucent door, Grinder; qw's ghost, weakling GrHs
D:4 Menkaure


Message History

The sling bullet barely misses Menkaure.
You shoot a sling bullet.
The sling bullet barely misses Menkaure.
You shoot a sling bullet. The sling bullet hits Menkaure.
Menkaure is lightly damaged.
You shoot a sling bullet.
The sling bullet barely misses Menkaure.
You see here a scroll labelled MUXZES REOTT.
You shoot a sling bullet. The sling bullet hits Menkaure.
Menkaure is lightly damaged.
You shoot a sling bullet.
The sling bullet barely misses Menkaure.
Menkaure casts a spell.
Menkaure seems to speed up.
You shoot a sling bullet. The sling bullet hits Menkaure.
Menkaure is moderately damaged.
Menkaure closely misses you.
You shoot a sling bullet. The sling bullet hits Menkaure.
Menkaure is heavily damaged.
Menkaure hits you but does no damage.
You shoot a sling bullet. The sling bullet hits Menkaure.
Menkaure is heavily damaged.
Menkaure calls on the powers of darkness!
Your body is wracked with pain!
Menkaure points at you and mumbles some strange words.
You resist with some effort.
You shoot a sling bullet.
The sling bullet barely misses Menkaure.
Menkaure misses you.
You shoot a sling bullet.
The sling bullet barely misses Menkaure.
Menkaure hits you! Menkaure hits you.
You shoot a sling bullet. The sling bullet hits Menkaure.
Menkaure is heavily damaged.
Menkaure hits you.
You shoot a sling bullet. The sling bullet hits Menkaure.
Menkaure is severely damaged.
Menkaure casts a spell at you. Pain shoots through your body!
You die...

#..............#
#.....####.#####
#######....#####
## #........#
....###........#
.....)...........
....###..........
......#..........
......M@..####...
..........# ...
....####+## ...
.. .


You could see Menkaure (fast).

Vanquished Creatures
  Sigmund (D:2)
  An orc priest (D:4)
  Jessica (D:3)
  Ijyb (D:2)
  An adder (D:2)
  A gnoll (D:1)
  A worm (D:2)
  3 dart slugs
  8 orcs
  3 endoplasms
  2 giant cockroaches
  6 hobgoblins
  6 jackals (D:2)
  A quokka (D:2)
  3 ball pythons (D:2)
  7 bats
  3 frilled lizards
  9 goblins
  6 kobolds
  9 rats
73 creatures vanquished.

Notes
Turn   | Place    | Note
-------+----------+-------------------------------------------
     0 | D:1      | qw the Minotaur Hexslinger began the quest for the Orb.
     0 | D:1      | Reached XP level 1. HP: 16/16 MP: 1/1
     0 | D:1      | 0 ||| qw: Version: 0.3-a-46-gb1f654a
     0 | D:1      | 0 ||| qw: Game counter: 2405
     0 | D:1      | 0 ||| qw: Melee chars always use a shield: true
     0 | D:1      | 0 ||| qw: God list: Okawaru
     0 | D:1      | 0 ||| qw: Allow faded altars: false
     0 | D:1      | 0 ||| qw: Do Orc after clearing Dungeon:15 true
     0 | D:1      | 0 ||| qw: Do second Lair branch before Depths: true
     0 | D:1      | 0 ||| qw: Lair rune preference: random
     0 | D:1      | 0 ||| qw: Goals: Normal
     0 | D:1      | 0 ||| PLANNING D:1-11
   259 | D:1      | Reached skill level 3 in Ranged Weapons
   259 | D:1      | Reached XP level 2. HP: 23/23 MP: 2/2
   297 | D:1      | HP: 5/23 [gnoll/+0 whip (2)]
   500 | D:1      | You fall into a shaft and drop 1 floor!
   581 | D:2      | Reached XP level 3. HP: 24/29 MP: 3/3
   648 | D:2      | 648 ||| UPGRADING to +0 pair of boots.
   653 | D:2      | 653 ||| UPGRADING to ring of see invisible.
   654 | D:2      | 654 ||| UPGRADING to ring of protection from fire.
   655 | D:2      | 655 ||| READING scroll labelled JEGAJY HUIWEIC.
   656 | D:2      | 656 ||| READING 4 scrolls labelled BAARUU VUOLUP.
   660 | D:2      | 660 ||| READING scroll labelled AZAQIR GURCHITI.
   712 | D:2      | 712 ||| DROPPING scroll of poison.
   713 | D:2      | 713 ||| Stepping randomly (stuck).
   714 | D:2      | 714 ||| Stepping randomly (stuck).
   715 | D:2      | 715 ||| Stepping randomly (stuck).
   716 | D:2      | 716 ||| Stepping randomly (stuck).
   717 | D:2      | 717 ||| Stepping randomly (stuck).
   718 | D:2      | 718 ||| Stepping randomly (stuck).
   719 | D:2      | 719 ||| Stepping randomly (stuck).
   720 | D:2      | 720 ||| Stepping randomly (stuck).
   721 | D:2      | 721 ||| Stepping randomly (stuck).
   722 | D:2      | 722 ||| Stepping randomly (stuck).
   723 | D:2      | 723 ||| Stepping randomly (stuck).
   724 | D:2      | 724 ||| Stepping randomly (stuck).
   725 | D:2      | 725 ||| Stepping randomly (stuck).
   726 | D:2      | 726 ||| Stepping randomly (stuck).
   727 | D:2      | 727 ||| Stepping randomly (stuck).
   728 | D:2      | 728 ||| Stepping randomly (stuck).
   729 | D:2      | 729 ||| Stepping randomly (stuck).
   730 | D:2      | 730 ||| Stepping randomly (stuck).
   731 | D:2      | 731 ||| Stepping randomly (stuck).
   732 | D:2      | 732 ||| Stepping randomly (stuck).
   733 | D:2      | 733 ||| Stepping randomly (stuck).
   734 | D:2      | 734 ||| Stepping randomly (stuck).
   735 | D:2      | 735 ||| Stepping randomly (stuck).
   736 | D:2      | 736 ||| Stepping randomly (stuck).
   737 | D:2      | 737 ||| Stepping randomly (stuck).
   738 | D:2      | 738 ||| Stepping randomly (stuck).
   740 | D:2      | 740 ||| Stepping randomly (stuck).
   741 | D:2      | 741 ||| Stepping randomly (stuck).
   742 | D:2      | 742 ||| Stepping randomly (stuck).
   743 | D:2      | 743 ||| Stepping randomly (stuck).
   744 | D:2      | 744 ||| Stepping randomly (stuck).
   745 | D:2      | 745 ||| Stepping randomly (stuck).
   746 | D:2      | 746 ||| Stepping randomly (stuck).
   747 | D:2      | 747 ||| Stepping randomly (stuck).
   748 | D:2      | 748 ||| Stepping randomly (stuck).
   749 | D:2      | 749 ||| Stepping randomly (stuck).
   750 | D:2      | 750 ||| Stepping randomly (stuck).
   751 | D:2      | 751 ||| Stepping randomly (stuck).
   752 | D:2      | 752 ||| Stepping randomly (stuck).
   753 | D:2      | 753 ||| Stepping randomly (stuck).
   754 | D:2      | 754 ||| Stepping randomly (stuck).
   755 | D:2      | 755 ||| Stepping randomly (stuck).
   756 | D:2      | 756 ||| Stepping randomly (stuck).
   757 | D:2      | 757 ||| Stepping randomly (stuck).
   758 | D:2      | 758 ||| Stepping randomly (stuck).
   759 | D:2      | 759 ||| Stepping randomly (stuck).
   760 | D:2      | 760 ||| Stepping randomly (stuck).
   761 | D:2      | 761 ||| Stepping randomly (stuck).
   763 | D:2      | 763 ||| Stepping randomly (stuck).
   764 | D:2      | 764 ||| Stepping randomly (stuck).
   765 | D:2      | 765 ||| Stepping randomly (stuck).
   766 | D:2      | 766 ||| READING 3 scrolls of teleportation.
   783 | D:2      | 783 ||| READING 2 scrolls of teleportation.
  1024 | D:2      | Reached skill level 4 in Ranged Weapons
  1030 | D:2      | Noticed Sigmund
  1040 | D:2      | Killed Sigmund
  1041 | D:2      | Reached skill level 6 in Ranged Weapons
  1041 | D:2      | Reached XP level 4. HP: 22/36 MP: 4/4
  1041 | D:2      | Reached XP level 5. HP: 26/41 MP: 5/5
  1436 | D:2      | Identified the ring "Keargh" {Will+ AC+4}
  1511 | D:2      | 1511 ||| UPGRADING to +0 cloak.
  1516 | D:2      | 1516 ||| UPGRADING to ring "Keargh" {Will+ AC+4}.
  1518 | D:2      | 1518 ||| UPGRADING to ring of see invisible.
  1520 | D:2      | 1520 ||| READING scroll labelled XAKKEN GUEV.
  1578 | D:3      | Reached skill level 3 in Fighting
  1660 | D:3      | Found a runed translucent door.
  1663 | D:3      | Noticed qw's ghost (weakling GrHs)
  2063 | D:3      | Noticed Grinder
  2064 | D:3      | Paralysed by Grinder for 5 turns
  2065 | D:3      | Noticed Jessica
  2065 | D:3      | Noticed Ijyb
  2070 | D:3      | Killed Jessica
  2071 | D:3      | Reached XP level 6. HP: 50/52 MP: 6/6
  2079 | D:3      | Paralysed by Grinder for 5 turns
  2090 | D:3      | HP: 10/52 [Grinder (5)]
  2091 | D:3      | 2091 ||| READING scroll of teleportation.
  2188 | D:3      | 2188 ||| FLEEEEING.
  2189 | D:3      | 2189 ||| FLEEEEING.
  2191 | D:3      | 2191 ||| STAIRDANCE
  2259 | D:2      | 2259 ||| UPGRADING to +0 leather armour.
  2269 | D:2      | 2269 ||| DROPPING +0 robe.
  2270 | D:2      | 2270 ||| READING 3 scrolls labelled DAYRUN QUCIRI.
  2271 | D:2      | 2271 ||| READING 2 scrolls of identify.
  2271 | D:2      | 2271 ||| IDENTIFYING pink potion
  2284 | D:3      | 2284 ||| STAIRDANCE
  2287 | D:2      | Killed Ijyb
  2288 | D:2      | Reached skill level 1 in Armour
  2323 | D:2      | 2323 ||| UPGRADING to +2 ring mail of poison resistance.
  2333 | D:2      | 2333 ||| DROPPING +0 leather armour.
  2408 | D:3      | 2408 ||| DRINKING 2 black potions.
  2409 | D:3      | 2409 ||| DROPPING potion of invisibility.
  2457 | D:4      | Noticed Menkaure
  2470 | D:4      | HP: 13/52 [Menkaure (3)]
  2471 | D:4      | Killed from afar by Menkaure

Levels and vault maps discovered:
D:1:      lemuel_arrival_broad_hall, layout_basic
D:2:      layout_loops_cross, kennysheep_generic_room_6, uniq_sigmund
D:3:      layout_rooms, ebering_ghost_sewer_d, uniq_jessica, uniq_grinder,
          uniq_ijyb
D:4:      layout_basic, dancing_weapons_uskayaw, uniq_robin, uniq_menkaure

Skill      XL: |  1  2  3  4  5  6 |
---------------+-------------------+-----
Ranged Weapons | 3 6 |  6.2
Fighting       | 2 3 4 |  4.1
Armour         | 1 |  1.2
Dodging        | |  2.1
Spellcasting   | |  1.0
Hexes          | |  2.0

Action                     |  1- 3 |  4- 6 || total
---------------------------+-------+-------++-------
   Fire: Sling             |    69 |   154 ||   223
    Use: Scroll            |     5 |     4 ||     9
         Potion            |       |     1 ||     1
 Armour: Robe              |     2 |    29 ||    31
         Ring mail         |       |     9 ||     9
         Leather armour    |       |     3 ||     3
  Dodge: Dodged            |    13 |    78 ||    91

Table legend:
 A = Non-vault XP
 B = Vault XP
 C = Vault XP percentage of total XP
 D = Non-vault monster count
 E = Vault monster count
 F = Vault count percentage of total count
                 A         B        C        D         E       F
            +---------+---------+-------+---------+---------+-------
      Total |     190 |     309 |  61.9 |      67 |       5 |   6.9
            +---------+---------+-------+---------+---------+-------
        D:1 |      29 |       0 |   0.0 |      11 |       0 |   0.0
        D:2 |      63 |     272 |  81.2 |      28 |       4 |  12.5
        D:3 |      48 |      37 |  43.5 |      23 |       1 |   4.2
        D:4 |      50 |       0 |   0.0 |       5 |       0 |   0.0
            +---------+---------+-------+---------+---------+-------
